SAA
CHESAPEAKE CONTINENTALS @ IRVING BLUE SOX
08/22/2027
 
TOP OF THE 1ST
Chesapeake Continentals batting - Pitching for Irving Blue Sox : RHP Gonzalo Montés
Pitching: RHP Gonzalo Montés
Batting: RHB Alberto Esquivel 0-0: Ground out 6-3 (Groundball, 6)
Batting: RHB Jouo Hirschovits 0-0: Ball
1-0: Ball
2-0: Ball
3-0: Called Strike
3-1: DOUBLE (Line Drive, 7LM)
Batting: LHB Miguel Gazivoda 0-0: Ball
1-0: Ball
2-0: Ball
3-0: Base on Balls
Batting: RHB Juan Chávez 0-0: Ball
1-0: Foul Ball, location: 2F
1-1: Foul Ball, location: 2F
1-2: Ball
2-2: Ball
3-2: Foul Ball, location: 2F
3-2: Foul Ball, location: 2F
3-2: Fly out, F5 (Popup, 56S)
Batting: RHB Júlio Vargas 0-0: Fielders Choice at 2nd, 6-4 (Groundball, 6)
Top of the 1st over - 0 run(s), 1 hit(s), 0 error(s), 1 left on base; Chesapeake 0 - Irving 0
BOTTOM OF THE 1ST
Irving Blue Sox batting - Pitching for Chesapeake Continentals : RHP Francisco Sandoval
Pitching: RHP Francisco Sandoval
Batting: RHB Eisse Cals 0-0: Called Strike
0-1: Foul Ball, location: 2F
0-2: Foul Ball, location: 2F
0-2: Foul Ball, location: 2F
0-2: Ball
1-2: Ball
2-2: Foul Ball, location: 2F
2-2: Foul Ball, location: 2F
2-2: Ball
3-2: Fly out, F7 (Flyball, 7D)
Batting: LHB José Zarate 0-0: Ball
1-0: SINGLE (Line Drive, 4M)
Batting: RHB António Canales 0-0: Ball
1-0: Foul Ball, location: 2F
1-1: Ball
2-1: Called Strike
2-2: Ball
3-2: Fly out, F8 (Line Drive, 8RM)
Batting: RHB Wessel Wemerman 0-0: Called Strike
0-1: Ball
1-1: Ball
2-1: Fielders Choice at 2nd, 6-4 (Groundball, 6)
Bottom of the 1st over - 0 run(s), 1 hit(s), 0 error(s), 0 left on base; Chesapeake 0 - Irving 0
TOP OF THE 2ND
Chesapeake Continentals batting - Pitching for Irving Blue Sox : RHP Gonzalo Montés
Batting: RHB Dave Yates 0-0: Foul Ball, location: 2F
0-1: Bunt missed!
0-2: Ball
1-2: Ball
2-2: SINGLE (Groundball, 56D)
Batting: RHB Jorge Alfiche 0-0: Ball
1-0: Ball
Throwing error on steal attempt, E2
Dave Yates to third
2-0: Ball
3-0: Called Strike
3-1: Base on Balls
Batting: LHB Colt Gridley 0-0: Foul Ball, location: 2F
0-1: Swinging Strike
0-2: Ball
1-2: Strikes out swinging
Batting: RHB Marcos Alfaro 0-0: Fly out, F8 (Flyball, 8LM)
Runner from 3rd tags up, SCORES, no throw
Batting: RHB Alberto Esquivel 0-0: Swinging Strike
0-1: SINGLE (Line Drive, 8LS)
Jorge Alfiche to second
Batting: RHB Jouo Hirschovits 0-0: Ball
1-0: Called Strike
1-1: Ball
2-1: Foul Ball, location: 2F
2-2: Ball
3-2: SINGLE (Flyball, 78S)
Jorge Alfiche to third
Alberto Esquivel to second
Jorge Alfiche scores
Alberto Esquivel to third
Batting: LHB Miguel Gazivoda 0-0: Ball
1-0: Ball
2-0: Called Strike
2-1: Foul Ball, location: 2F
2-2: Foul Ball, location: 2F
2-2: Foul Ball, location: 2F
2-2: Ball
3-2: Strikes out swinging
Top of the 2nd over - 2 run(s), 3 hit(s), 1 error(s), 2 left on base; Chesapeake 2 - Irving 0
BOTTOM OF THE 2ND
Irving Blue Sox batting - Pitching for Chesapeake Continentals : RHP Francisco Sandoval
Batting: LHB Ricardo Ríos 0-0: Ball
1-0: Ground out 4-3 (Groundball, 4)
Batting: LHB Jim Unknown 0-0: Called Strike
0-1: Called Strike
0-2: Ball
1-2: Ball
2-2: Ball
3-2: Strikes out swinging, 2-3 out at first.
Batting: RHB Theron Hammond 0-0: Ball
1-0: Ball
2-0: Called Strike
2-1: Ball
3-1: Base on Balls
Batting: RHB Phil Sherman 0-0: Ball
1-0: Called Strike
1-1: SINGLE (Groundball, 6MD)
Theron Hammond to second
Batting: RHB Carlos Ramírez 0-0: Ball
1-0: Ball
2-0: Called Strike
2-1: Called Strike
2-2: Strikes out looking
Bottom of the 2nd over - 0 run(s), 1 hit(s), 0 error(s), 2 left on base; Chesapeake 2 - Irving 0
TOP OF THE 3RD
Chesapeake Continentals batting - Pitching for Irving Blue Sox : RHP Gonzalo Montés
Batting: RHB Juan Chávez 0-0: Called Strike
0-1: Foul Ball, location: 2F
0-2: Ball
1-2: Strikes out looking
Batting: RHB Júlio Vargas 0-0: Fly out, F7 (Line Drive, 7D)
Batting: RHB Dave Yates 0-0: Called Strike
0-1: Foul Ball, location: 2F
0-2: Foul Ball, location: 2F
0-2: Ball
1-2: Foul Ball, location: 2F
1-2: Ball
2-2: Ball
3-2: Foul Ball, location: 2F
3-2: Strikes out swinging
Top of the 3rd over - 0 run(s), 0 hit(s), 0 error(s), 0 left on base; Chesapeake 2 - Irving 0
BOTTOM OF THE 3RD
Irving Blue Sox batting - Pitching for Chesapeake Continentals : RHP Francisco Sandoval
Batting: RHB Eisse Cals 0-0: SINGLE (Flyball, 89S)
Batting: LHB José Zarate 0-0: Called Strike
0-1: Grounds into double play, 4-6-3 (Groundball, 34)
Batting: RHB António Canales 0-0: Ball
1-0: Ball
2-0: SINGLE (Groundball, 34D)
Batting: RHB Wessel Wemerman 0-0: Ball
António Canales is caught stealing 2nd base
Bottom of the 3rd over - 0 run(s), 2 hit(s), 0 error(s), 0 left on base; Chesapeake 2 - Irving 0
TOP OF THE 4TH
Chesapeake Continentals batting - Pitching for Irving Blue Sox : RHP Gonzalo Montés
Batting: RHB Jorge Alfiche 0-0: Foul Ball, location: 2F
0-1: Ball
1-1: SINGLE (Flyball, 8RS)
Batting: LHB Colt Gridley 0-0: Ball
1-0: Ball
2-0: Foul Ball, location: 2F
2-1: Swinging Strike
2-2: Strikes out swinging
Batting: RHB Marcos Alfaro 0-0: Called Strike
Jorge Alfiche steals 2nd base
0-1: Ball
1-1: Swinging Strike
1-2: Strikes out looking
Batting: RHB Alberto Esquivel 0-0: TRIPLE (Line Drive, 9LS)
Jorge Alfiche scores
Batting: RHB Jouo Hirschovits 0-0: Ball
1-0: Ball
2-0: Ball
3-0: Called Strike
3-1: Ground out 5-3 (Groundball, 5)
Top of the 4th over - 1 run(s), 2 hit(s), 0 error(s), 1 left on base; Chesapeake 3 - Irving 0
BOTTOM OF THE 4TH
Irving Blue Sox batting - Pitching for Chesapeake Continentals : RHP Francisco Sandoval
Batting: RHB Wessel Wemerman 0-0: Called Strike
0-1: Ball
1-1: Ball
2-1: Foul Ball, location: 2F
2-2: Fly out, F8 (Flyball, 89M)
Batting: LHB Ricardo Ríos 0-0: Ball
1-0: Swinging Strike
1-1: SINGLE (Groundball, 34D)
Batting: LHB Jim Unknown 0-0: Ball
Ricardo Ríos is caught stealing 2nd base
1-0: Foul Ball, location: 2F
1-1: Ball
2-1: Ground out 6-3 (Groundball, 6S)
Bottom of the 4th over - 0 run(s), 1 hit(s), 0 error(s), 0 left on base; Chesapeake 3 - Irving 0
TOP OF THE 5TH
Chesapeake Continentals batting - Pitching for Irving Blue Sox : RHP Gonzalo Montés
Batting: LHB Miguel Gazivoda 0-0: Fly out, F8 (Flyball, 8RM)
Batting: RHB Juan Chávez 0-0: Swinging Strike
0-1: Foul Ball, location: 2F
0-2: Foul Ball, location: 2F
0-2: Ball
1-2: Foul Ball, location: 2F
1-2: Ball
2-2: Foul Ball, location: 2F
2-2: Ball
3-2: Strikes out swinging
Batting: RHB Júlio Vargas 0-0: DOUBLE (Flyball, 78M)
Batting: RHB Dave Yates 0-0: Ball
1-0: Fly out, F6 (Popup, 6S)
Top of the 5th over - 0 run(s), 1 hit(s), 0 error(s), 1 left on base; Chesapeake 3 - Irving 0
BOTTOM OF THE 5TH
Irving Blue Sox batting - Pitching for Chesapeake Continentals : RHP Francisco Sandoval
Batting: RHB Theron Hammond 0-0: Ball
1-0: Fly out, F8 (Flyball, 8RS)
Batting: RHB Phil Sherman 0-0: Ground out 5-3 (Groundball, 56)
Batting: RHB Carlos Ramírez 0-0: Foul Ball, location: 2F
0-1: Ball
1-1: Ground out U3 (Groundball, 34)
Bottom of the 5th over - 0 run(s), 0 hit(s), 0 error(s), 0 left on base; Chesapeake 3 - Irving 0
TOP OF THE 6TH
Chesapeake Continentals batting - Pitching for Irving Blue Sox : RHP Gonzalo Montés
Batting: RHB Jorge Alfiche 0-0: Ball
1-0: Ball
2-0: Ball
3-0: Base on Balls
Batting: LHB Colt Gridley 0-0: Ball
Throwing error on steal attempt, E2
Jorge Alfiche to third
1-0: Ball
2-0: Ball
3-0: Called Strike
3-1: Fly out, F4 (Line Drive, 4)
Batting: RHB Marcos Alfaro 0-0: Ball
1-0: Foul Ball, location: 2F
1-1: Ball
2-1: Foul Ball, location: 2F
2-2: Ball
3-2: Base on Balls
Batting: RHB Alberto Esquivel 0-0: Ball
Marcos Alfaro steals 2nd base
1-0: Called Strike
1-1: Swinging Strike
1-2: Foul Ball, location: 2F
1-2: Foul Ball, location: 2F
1-2: Ball
2-2: Strikes out swinging
Batting: RHB Jouo Hirschovits 0-0: Called Strike
0-1: Foul Ball, location: 2F
0-2: Ball
1-2: Strikes out looking
Top of the 6th over - 0 run(s), 0 hit(s), 1 error(s), 2 left on base; Chesapeake 3 - Irving 0
BOTTOM OF THE 6TH
Irving Blue Sox batting - Pitching for Chesapeake Continentals : RHP Francisco Sandoval
Batting: RHB Eisse Cals 0-0: Ball
1-0: Foul Ball, location: 2F
1-1: Foul Ball, location: 2F
1-2: Ball
2-2: Strikes out looking
Batting: LHB José Zarate 0-0: Called Strike
0-1: Ball
1-1: Foul Ball, location: 2F
1-2: DOUBLE (Line Drive, 7LM)
Batting: RHB António Canales 0-0: Ball
1-0: Called Strike
1-1: Ball
2-1: Ball
3-1: Foul Ball, location: 2F
3-2: Base on Balls
Batting: RHB Wessel Wemerman 0-0: Ball
1-0: Ball
2-0: Fly out, F5 (Popup, 5S)
Batting: LHB Ricardo Ríos 0-0: Called Strike
0-1: Ball
1-1: Ball
2-1: Ball
3-1: Base on Balls
José Zarate to third
António Canales to second
Batting: LHB Jim Unknown 0-0: Ball
1-0: Foul Ball, location: 2F
1-1: Called Strike
1-2: DOUBLE (Flyball, 7D)
José Zarate scores
António Canales scores
Ricardo Ríos to third
Batting: RHB Theron Hammond 0-0: Ball
1-0: Called Strike
1-1: Called Strike
1-2: Ball
2-2: Ball
3-2: Base on Balls
Pitching: RHP Eddie Schmitt
Batting: RHB Phil Sherman 0-0: Swinging Strike
0-1: Called Strike
0-2: Ball
1-2: Strikes out looking
Bottom of the 6th over - 2 run(s), 2 hit(s), 0 error(s), 3 left on base; Chesapeake 3 - Irving 2
TOP OF THE 7TH
Chesapeake Continentals batting - Pitching for Irving Blue Sox : RHP Gonzalo Montés
Batting: LHB Miguel Gazivoda 0-0: Called Strike
0-1: Ball
1-1: Called Strike
1-2: DOUBLE (Line Drive, 9LM)
Batting: RHB Juan Chávez 0-0: Intentional Walk
Pitching: RHP Willie Simmons
Pinch Hitting: SHB Ludovic Michel 0-0: Ball
1-0: Called Strike
1-1: Swinging Strike
1-2: Foul Ball, location: 2F
1-2: Ball
2-2: Ball
3-2: Base on Balls
Miguel Gazivoda to third
Juan Chávez to second
Pinch Hitting: LHB Dana Waldrip 0-0: Swinging Strike
0-1: Swinging Strike
0-2: Strikes out swinging
Pinch Hitting: RHB Lee Lockheart 0-0: Foul Ball, location: 2F
0-1: Ball
1-1: Swinging Strike
1-2: Ball
2-2: Strikes out swinging
Batting: LHB Colt Gridley 0-0: Ball
1-0: Foul Ball, location: 2F
1-1: Ball
2-1: Fly out, F7 (Flyball, 78M)
Top of the 7th over - 0 run(s), 1 hit(s), 0 error(s), 3 left on base; Chesapeake 3 - Irving 2
BOTTOM OF THE 7TH
Irving Blue Sox batting - Pitching for Chesapeake Continentals : RHP Eddie Schmitt
Now at 1B: Ludovic Michel
Now at SS: Dana Waldrip
Now in RF: Eduardo Torres
Batting: RHB Carlos Ramírez 0-0: Called Strike
0-1: Ball
1-1: Ball
2-1: Ball
3-1: SINGLE (Flyball, 9LS)
Batting: RHB Eisse Cals 0-0: Ball
1-0: Ball
2-0: Bunted foul
2-1: Sac Bunt - play at first, batter OUT! 2-4
Carlos Ramírez to second
Batting: LHB José Zarate 0-0: Ball
1-0: Swinging Strike
1-1: Ball
2-1: Ball
3-1: Base on Balls
Pinch Hitting: LHB Jim Unknown 0-0: Called Strike
0-1: Fly out, F6 (Popup, 56)
Batting: RHB Wessel Wemerman 0-0: Swinging Strike
0-1: Ball
1-1: Called Strike
1-2: SINGLE (Line Drive, 6D)
Carlos Ramírez to third
José Zarate to second
Runner from 3rd tries for Home, SAFE, no throw
Pinch Runner at 2nd Gustavo Mena:
Batting: LHB Ricardo Ríos 0-0: Fly out, F9 (Flyball, 89M)
Bottom of the 7th over - 1 run(s), 2 hit(s), 0 error(s), 2 left on base; Chesapeake 3 - Irving 3
TOP OF THE 8TH
Chesapeake Continentals batting - Pitching for Irving Blue Sox : RHP Willie Simmons
Now at SS: Gustavo Mena
Now in CF: Jim Unknown
Pinch Hitting: RHB Ken Sandoval 0-0: Ball
1-0: Called Strike
1-1: Foul Ball, location: 2F
1-2: Strikes out swinging
Pinch Hitting: RHB Jim Unknown 0-0: Ball
1-0: Foul Ball, location: 2F
1-1: Ball
2-1: SINGLE (Flyball, 78S)
Pinch Runner at 1st Vincent Vega:
Batting: RHB Jouo Hirschovits 0-0: Called Strike
0-1: Foul Ball, location: 2F
0-2: Ball
1-2: Foul Ball, location: 2F
1-2: Foul Ball, location: 2F
1-2: Foul Ball, location: 2F
1-2: Strikes out swinging
Batting: LHB Miguel Gazivoda 0-0: Ball
1-0: Foul Ball, location: 2F
1-1: Foul Ball, location: 2F
1-2: Ground out 4-3 (Groundball, 4)
Top of the 8th over - 0 run(s), 1 hit(s), 0 error(s), 1 left on base; Chesapeake 3 - Irving 3
BOTTOM OF THE 8TH
Irving Blue Sox batting - Pitching for Chesapeake Continentals : RHP Eddie Schmitt
Now at 2B: Ken Sandoval
Now at 3B: Vincent Vega
Batting: LHB Jim Unknown 0-0: Called Strike
0-1: Ball
1-1: Ball
2-1: Fly out, F9 (Flyball, 9S)
Batting: RHB Theron Hammond 0-0: Ball
1-0: Ball
2-0: Ball
3-0: Base on Balls
Pinch Runner at 1st Enrique Gómez:
Batting: RHB Phil Sherman 0-0: Grounds into double play, 6-4-3 (Groundball, 6)
Bottom of the 8th over - 0 run(s), 0 hit(s), 0 error(s), 0 left on base; Chesapeake 3 - Irving 3
TOP OF THE 9TH
Chesapeake Continentals batting - Pitching for Irving Blue Sox : RHP Willie Simmons
Pitching: RHP Jon Schultz
Now at SS: Enrique Gómez
Batting: RHB Juan Chávez 0-0: Ball
1-0: Ball
2-0: Ball
3-0: Called Strike
3-1: Ground out 6-3 (Groundball, 6)
Batting: SHB Ludovic Michel 0-0: Ball
1-0: Foul Ball, location: 2F
1-1: Swinging Strike
1-2: Strikes out swinging
Batting: LHB Dana Waldrip 0-0: Ball
1-0: Foul Ball, location: 2F
1-1: Called Strike
1-2: Fly out, F8 (Line Drive, 8LM)
Top of the 9th over - 0 run(s), 0 hit(s), 0 error(s), 0 left on base; Chesapeake 3 - Irving 3
BOTTOM OF THE 9TH
Irving Blue Sox batting - Pitching for Chesapeake Continentals : RHP Eddie Schmitt
Batting: RHB Carlos Ramírez 0-0: Called Strike
0-1: Ball
1-1: Called Strike
1-2: Ball
2-2: Ground out 5-3 (Groundball, 56S)
Pinch Hitting: RHB Jim Unknown 0-0: Foul Ball, location: 2F
0-1: Swinging Strike
0-2: Ball
1-2: Ball
2-2: Strikes out swinging
Pinch Hitting: LHB Phil MacNamara 0-0: Called Strike
0-1: Called Strike
0-2: Ball
1-2: Strikes out swinging
Bottom of the 9th over - 0 run(s), 0 hit(s), 0 error(s), 0 left on base; Chesapeake 3 - Irving 3
TOP OF THE 10TH
Chesapeake Continentals batting - Pitching for Irving Blue Sox : RHP Jon Schultz
Now at C: Nicholas Manley
Now in LF: Jim Unknown
Batting: RHB Eduardo Torres 0-0: Ball
1-0: Ground out 6-3 (Groundball, 6)
Batting: LHB Colt Gridley 0-0: Reached on error, E3 (Groundball, 3)
Batting: RHB Ken Sandoval 0-0: Foul Ball, location: 2F
0-1: Foul Ball, location: 2F
0-2: Hit by Pitch
Colt Gridley to second
Batting: RHB Vincent Vega 0-0: Ball
1-0: Fielders Choice at 2nd, 5-4 (Groundball, 56)
Colt Gridley to third
Batting: RHB Jouo Hirschovits 0-0: Foul Ball, location: 2F
0-1: Called Strike
0-2: Ball
1-2: Ball
2-2: Foul Ball, location: 2F
2-2: Strikes out swinging
Top of the 10th over - 0 run(s), 0 hit(s), 1 error(s), 2 left on base; Chesapeake 3 - Irving 3
BOTTOM OF THE 10TH
Irving Blue Sox batting - Pitching for Chesapeake Continentals : RHP Eddie Schmitt
Batting: LHB Jim Unknown 0-0: Foul Ball, location: 2F
0-1: Fly out, F9 (Flyball, 89M)
Batting: RHB Wessel Wemerman 0-0: Called Strike
0-1: Ball
1-1: Swinging Strike
1-2: Foul Ball, location: 2F
1-2: Ball
2-2: Strikes out swinging, 2-3 out at first.
Pitching: RHP Anthony Ledesma
Batting: LHB Ricardo Ríos 0-0: Foul Ball, location: 2F
0-1: Ball
1-1: Ball
2-1: Foul Ball, location: 2F
2-2: Ball
3-2: Foul Ball, location: 2F
3-2: Strikes out swinging
Bottom of the 10th over - 0 run(s), 0 hit(s), 0 error(s), 0 left on base; Chesapeake 3 - Irving 3
TOP OF THE 11TH
Chesapeake Continentals batting - Pitching for Irving Blue Sox : RHP Jon Schultz
Pitching: RHP Jim Unknown
Batting: LHB Miguel Gazivoda 0-0: Ball
1-0: Called Strike
1-1: Swinging Strike
1-2: Strikes out swinging
Batting: RHB Juan Chávez 0-0: SINGLE (Groundball, 56S) (infield hit)
Batting: SHB Ludovic Michel 0-0: Ball
1-0: Foul Ball, location: 2F
1-1: Ball
2-1: Foul Ball, location: 2F
2-2: Foul Ball, location: 2F
2-2: Ball
3-2: SINGLE (Line Drive, 6MD)
Juan Chávez to second
Batting: LHB Dana Waldrip 0-0: Ball
1-0: Ball
2-0: Called Strike
2-1: Foul Ball, location: 2F
2-2: Strikes out swinging
Batting: RHB Eduardo Torres 0-0: Called Strike
0-1: Swinging Strike
0-2: Ball
1-2: Fielders Choice at 2nd, 6-4 (Groundball, 6)
Top of the 11th over - 0 run(s), 2 hit(s), 0 error(s), 1 left on base; Chesapeake 3 - Irving 3
BOTTOM OF THE 11TH
Irving Blue Sox batting - Pitching for Chesapeake Continentals : RHP Anthony Ledesma
Batting: LHB Jim Unknown 0-0: Called Strike
0-1: Called Strike
0-2: Ball
1-2: Ball
2-2: Ground out 4-3 (Groundball, 4)
Pinch Hitting: RHB Eduardo Santos 0-0: Called Strike
0-1: Ball
1-1: Ball
2-1: Ball
3-1: Called Strike
3-2: Base on Balls
Batting: RHB Phil Sherman 0-0: Fly out, F8 (Flyball, 8RM)
Batting: RHB Carlos Ramírez 0-0: Fly out, F6 (Popup, 6)
Bottom of the 11th over - 0 run(s), 0 hit(s), 0 error(s), 1 left on base; Chesapeake 3 - Irving 3
TOP OF THE 12TH
Chesapeake Continentals batting - Pitching for Irving Blue Sox : RHP Jim Unknown
Now at 3B: Eduardo Santos
Batting: LHB Colt Gridley 0-0: Called Strike
0-1: Ball
1-1: Foul Ball, location: 2F
1-2: Strikes out swinging, 2-3 out at first.
Batting: RHB Ken Sandoval 0-0: Fly out, F9 (Flyball, 9D)
Batting: RHB Vincent Vega 0-0: Ball
1-0: Foul Ball, location: 2F
1-1: Ball
2-1: Ball
3-1: Foul Ball, location: 2F
3-2: Foul Ball, location: 2F
3-2: Base on Balls
Batting: RHB Jouo Hirschovits 0-0: Ball
1-0: SINGLE (Groundball, 4MD)
Vincent Vega to second
Runner from 2nd tries for 3rd, OUT!
Top of the 12th over - 0 run(s), 1 hit(s), 0 error(s), 1 left on base; Chesapeake 3 - Irving 3
BOTTOM OF THE 12TH
Irving Blue Sox batting - Pitching for Chesapeake Continentals : RHP Anthony Ledesma
Batting: RHB Jim Unknown 0-0: Ball
1-0: Ball
2-0: Ball
3-0: Base on Balls
Batting: RHB Nicholas Manley 0-0: Foul Ball, location: 2F
0-1: Called Strike
0-2: Ball
1-2: Strikes out swinging
Batting: LHB Jim Unknown 0-0: Ball
Jim Unknown steals 2nd base
1-0: Fly out, F8 (Flyball, 89M)
Pitching: RHP Christian Mustard
Batting: RHB Wessel Wemerman 0-0: Ball
1-0: Foul Ball, location: 2F
1-1: SINGLE (Groundball, 4MD)
Jim Unknown to third
Runner from 3rd tries for Home, SAFE, no throw
Saturday, May 26th, 2018 - OOTP Baseball 17.12 Build 75